[Event "ICC tourney 2892 (30 10)"]
[Site "Internet Chess Club"]
[Date "2022.04.23"]
[Round "5"]
[White "HU, MERRIC:K09-14686967"]
[Black "DENG, HENRY:SuperPuzzler"]
[Result "0-1"]
[ICCResult "White resigns"]
[WhiteElo "2027"]
[BlackElo "2090"]
[Opening "Giuoco Piano"]
[ECO "C50"]
[NIC "IG.02"]
[Time "20:00:38"]
[PlyCount "86"]
[TimeControl "1800+10"]

1. e4 e5 2. Nf3 Nc6 3. Bc4 Bc5 4. O-O Nf6 5. d3 d6 6. a4 a6 7. c3 Ba7 8. Re1
h6 9. h3 g5 10. Nh2 Rg8 11. Qf3 Qe7 12. Ng4 Bxg4 13. hxg4 h5 14. gxh5 g4 15.
Qf5 g3 16. Be3 Bxe3 17. Rxe3 gxf2+ 18. Qxf2 Nxh5 19. Kf1 Nf4 20. g3 Ne6 21.
Rf3 Rf8 22. b4 Rh8 23. Kg2 Qg5 24. Bxe6 fxe6 25. Ra2 Qh6 26. Qg1 Qh3+ 27.
Kf2 Ke7 28. Ke1 Rh7 29. Raf2 Qh6 30. Ke2 Rah8 31. g4 Qg5 32. Nd2 Nd8 33. Rg2
Nf7 34. Rf1 Qg6 35. g5 Rh5 36. Rf6 Qg7 37. Rf3 Qg6 38. Qa7 Rxg5 39. Rgf2 Nd8
40. Qb8 Kd7 41. Rf8 Rxf8 42. Rxf8 Rg2+ 43. Kd1 Rxd2+ {White resigns} 0-1

[Event "ICC tourney 2892 (30 10)"]
[Site "Internet Chess Club"]
[Date "2022.04.23"]
[Round "5"]
[White "GUSEINOV, GADIR:GGuseinov"]
[Black "Volkov, Sergey:Volkov"]
[Result "1/2-1/2"]
[ICCResult "Game drawn by repetition"]
[WhiteElo "2711"]
[BlackElo "2559"]
[Opening "French: advance, Euwe variation"]
[ECO "C02"]
[NIC "FR.03"]
[Time "20:00:17"]
[PlyCount "100"]
[TimeControl "1800+10"]

1. e4 e6 2. d4 d5 3. e5 c5 4. c3 Nc6 5. Nf3 Bd7 6. Be2 cxd4 7. cxd4 Nge7 8.
Na3 Nf5 9. Nc2 Nb4 10. Nxb4 Bxb4+ 11. Bd2 Qb6 12. Bxb4 Qxb4+ 13. Qd2 Qb6 14.
a4 a5 15. O-O O-O 16. Rfb1 Qb4 17. Qxb4 axb4 18. b3 Rfc8 19. Rc1 Be8 20. Kf1
Kf8 21. Bb5 Ne7 22. Ke2 Rxc1 23. Rxc1 Bxb5+ 24. axb5 Ra5 25. Ke3 Ke8 26. g4
h6 27. h4 Rxb5 28. Ra1 Kd7 29. h5 Rb6 30. Ra4 Ra6 31. Rxb4 Kc6 32. Ra4 Rxa4
33. bxa4 Kb6 34. Nd2 Ka5 35. Nb3+ Kb4 36. Nc5 b6 37. Nd7 Nc8 38. f4 Kxa4 39.
f5 exf5 40. gxf5 b5 41. e6 fxe6 42. fxe6 b4 43. Kf4 Kb5 44. Nc5 Kc4 45. Ke5
Ne7 46. Na4 b3 47. Nb6+ Kd3 48. Na4 Kc4 49. Nb6+ Kd3 50. Na4 Kc4
{Game drawn by repetition}
1/2-1/2

[Event "ICC tourney 2892 (30 10)"]
[Site "Internet Chess Club"]
[Date "2022.04.23"]
[Round "5"]
[White "ALEKSANDROV, ALEKSEJ:Aleksandrov73"]
[Black "Lie, Yoeng Kiong:yoengkiong333"]
[Result "1/2-1/2"]
[ICCResult "Game drawn because neither player has mating material"]
[WhiteElo "2556"]
[BlackElo "2100"]
[Opening "Pirc defense"]
[ECO "B07"]
[NIC "PU.07"]
[Time "20:00:13"]
[PlyCount "151"]
[TimeControl "1800+10"]

1. d4 d6 2. e4 Nf6 3. Nc3 g6 4. h3 Bg7 5. Be3 O-O 6. g4 Bd7 7. Nge2 e5 8.
Bg2 Nc6 9. d5 Nb4 10. a3 Na6 11. Ng3 Nc5 12. Qd2 a6 13. Bf1 a5 14. Be2 Re8
15. f3 h5 16. Bg5 Qc8 17. gxh5 Nxh5 18. Nxh5 gxh5 19. O-O-O Kh7 20. Rdg1 Rg8
21. Qe1 Qf8 22. Qh4 Bh6 23. Qxh5 Rxg5 24. Rxg5 f6 25. h4 Be8 26. Qg4 Bd7 27.
Qg1 Rb8 28. Kb1 b5 29. b3 b4 30. axb4 Rxb4 31. Na2 Rb8 32. Qe1 f5 33. Qxa5
fxe4 34. fxe4 Bxg5 35. hxg5+ Kg7 36. Qxc7 Rc8 37. Qa5 Qf2 38. Qe1 Qxe1+ 39.
Rxe1 Nxe4 40. Ba6 Nd2+ 41. Kb2 Rf8 42. Nc3 Nf3 43. Rf1 Bh3 44. Rf2 Nxg5 45.
Rxf8 Kxf8 46. Nd1 Bg4 47. Ne3 Bf3 48. Bf1 Kf7 49. b4 Ne4 50. c4 Ke7 51. Bg2
Bxg2 52. Nxg2 Kf6 53. Kc2 Kg5 54. Kd3 Kf5 55. Ke3 Nc3 56. Nh4+ Kf6 57. Nf3
e4 58. Nd4 Ke5 59. Nc6+ Kf5 60. Nd4+ Ke5 61. Nc6+ Kf5 62. b5 Na4 63. Ne7+
Ke5 64. Nc8 Nb2 65. Nb6 Nd1+ 66. Kd2 Nb2 67. Ke3 Nd1+ 68. Ke2 Nc3+ 69. Ke1
Kd4 70. Nc8 Nxd5 71. cxd5 Kxd5 72. Ke2 Kc5 73. b6 Kc6 74. Ke3 Kb7 75. Nxd6+
Kxb6 76. Nxe4 {Game drawn because neither player has mating material}
1/2-1/2

[Event "ICC tourney 2892 (30 10)"]
[Site "Internet Chess Club"]
[Date "2022.04.23"]
[Round "5"]
[White "MAMMADOV, ZAUR:zaur94"]
[Black "YANG, KAIQI:YKQ"]
[Result "1-0"]
[ICCResult "Black resigns"]
[WhiteElo "2572"]
[BlackElo "2531"]
[Opening "Sicilian: Alapin's variation (2.c3)"]
[ECO "B22"]
[NIC "SI.46"]
[Time "20:00:44"]
[PlyCount "143"]
[TimeControl "1800+10"]

1. e4 c5 2. c3 Nf6 3. e5 Nd5 4. Nf3 Nc6 5. Bc4 Nb6 6. Bb3 d5 7. exd6 Qxd6 8.
O-O c4 9. Bc2 Bg4 10. h3 Bh5 11. Re1 e6 12. Na3 Bg6 13. b3 cxb3 14. axb3
Bxc2 15. Nxc2 Be7 16. d4 O-O 17. c4 Qc7 18. Qe2 Rad8 19. Qe4 Nd7 20. Bf4 Qc8
21. Rad1 Nf6 22. Qe2 a6 23. Bg5 Rfe8 24. Ne5 h6 25. Bh4 Nxe5 26. dxe5 Nd7
27. Bxe7 Rxe7 28. Qe3 Nb8 29. Rd6 Red7 30. Red1 a5 31. Na3 Rxd6 32. exd6 Qc6
33. Nb5 Na6 34. Qa7 Rd7 35. Rd3 Nc5 36. Qa8+ Kh7 37. Rf3 Ne4 38. Qxa5 Nxd6
39. Nxd6 Qxd6 40. Qc3 Qd1+ 41. Kh2 Qe2 42. b4 e5 43. c5 e4 44. Rf4 f6 45.
Qe3 Qxe3 46. fxe3 Re7 47. g4 Kg6 48. Kg3 Kf7 49. Rf2 g5 50. Rd2 Ke6 51. Rd8
Rd7 52. Re8+ Kd5 53. h4 gxh4+ 54. Kxh4 Rg7 55. Rd8+ Ke5 56. Rh8 Rd7 57. Re8+
Kd5 58. Kg3 Rh7 59. Kf4 h5 60. Rd8+ Kc4 61. Rd4+ Kb5 62. gxh5 Rxh5 63. Kxe4
Rh4+ 64. Kf5 Rxd4 65. exd4 Kc4 66. b5 Kxb5 67. Kxf6 Kc4 68. Ke5 Kb5 69. Kd6
Kc4 70. d5 Kd4 71. c6 bxc6 72. dxc6 {Black resigns} 1-0